 Dungeon Crawl Stone Soup version 0.21-a0-621-gc60411f (webtiles) character file.

363400 Gorglomux the Formicid Blade (level 23, -5/184 HPs)
             Began as a Formicid Summoner on Dec 20, 2017.
             Was the Champion of Okawaru.
             Slain by a caustic shrike (22 damage)
             ... on level 2 of the Depths on Dec 23, 2017.
             The game lasted 04:28:08 (53698 turns).

Gorglomux the Formicid Blade (Formicid Summoner)   Turns: 53698, Time: 04:28:09

Health: -5/184     AC: 26    Str: 23    XL:     23   Next: 54%
Magic:  23/36      EV: 17    Int: 27    God:    Okawaru [******]
Gold:   2975       SH: 19    Dex: 13    Spells: 12/41 levels left

rFire    + . .     SeeInvis +   h - +4 triple sword (elec)
rCold    + . .     Gourm    .   j - +0 shield of Qiuvviol {god gift, *Slow rPois rC+ Int+5}
rNeg     . . .     Faith    .   e - +8 chain mail "Wewei" {*Slow rElec Int+5 SInv}
rPois    +         Spirit   .   (helmet unavailable)
rElec    +         Reflect  +   K - +2 cloak of Activism {god gift, rF+}
rCorr    .         Harm     .   n - +2 pair of gloves
MR       +++..                  u - +2 pair of boots {run} {god gift}
Stlth    ++........             r - +5 amulet of reflection
HPRegen  0.40/turn              m - ring of protection from magic
MPRegen  0.25/turn              l - ring of wizardry

@: heroism, finesse, corroded, studying Necromancy, quick
A: permanent stasis, dig shafts and tunnels, four strong arms, antennae 3,
camouflage 1, agile 1, clever 1, deterioration 1
}: 2/15 runes: decaying, serpentine
a: Dig, Shaft Self, Heroism, Finesse, Renounce Religion


You were on level 2 of the Depths.
You worshipped Okawaru.
Okawaru was exalted by your worship.
You were not hungry.

You visited 8 branches of the dungeon, and saw 39 of its levels.
You visited 1 bazaar.
You also visited: Sewer, Bailey and Ice Cave.

You collected 4529 gold pieces.
You spent 1554 gold pieces at shops.

Inventory:

Hand Weapons
 h - a +4 triple sword of electrocution (weapon)
Missiles
 Z - 2 throwing nets (quivered)
Armour
 e - the +8 chain mail "Wewei" (worn) {*Slow rElec Int+5 SInv}
   (You found it on level 15 of the Dungeon)

   It affects your intelligence (+5).
   It insulates you from electricity.
   It lets you see invisible.
   It may slow you when you take damage.
 j - the +0 shield of Qiuvviol (worn) {god gift, *Slow rPois rC+ Int+5}
   (Okawaru gifted it to you on level 2 of the Snake Pit)

   It affects your intelligence (+5).
   It protects you from cold.
   It protects you from poison.
   It may slow you when you take damage.
 n - a +2 pair of gloves (worn)
 u - a +2 pair of boots of running (worn) {god gift}
 K - the +2 cloak of Activism (worn) {god gift, rF+}
   (Okawaru gifted it to you on level 15 of the Dungeon)

   It protects you from fire.
Jewellery
 g - an uncursed ring of resist corrosion
 l - a ring of wizardry (right hand)
 m - a ring of protection from magic (left hand)
 r - a +5 amulet of reflection (around neck)
Wands
 A - a wand of acid (8)
 D - a wand of digging (15)
 E - a wand of enslavement (36)
 F - a wand of flame (25)
 I - a wand of iceblast (12)
 O - a wand of clouds (5)
 P - a wand of paralysis (50)
Scrolls
 b - 2 scrolls of brand weapon
 d - 12 scrolls of remove curse
 k - 3 scrolls of vulnerability
 o - 9 scrolls of amnesia
 q - 6 scrolls of fear
 w - 8 scrolls of enchant armour
 C - a scroll of immolation
 H - a scroll of holy word
 M - a scroll of magic mapping
 R - 6 scrolls of identify
 T - 7 scrolls of fog
 U - 2 scrolls of summoning
Potions
 f - 3 potions of lignification
 i - a potion of invisibility
 p - 2 potions of mutation {!q}
 t - a potion of magic
 v - a potion of ambrosia
 x - 6 potions of resistance
 y - 2 potions of cancellation
 z - 3 potions of brilliance
 J - 5 potions of might
 L - 3 potions of agility
 N - 9 potions of flight
 Q - 5 potions of curing
Books
 a - a book of Party Tricks

   Spells                             Type                      Level
   a - Summon Butterflies             Summoning                    1
   b - Apportation                    Translocation                1
   c - Lesser Beckoning               Translocation                3
   d - Tukima's Dance                 Hexes                        3
   e - Alistair's Intoxication        Transmutation/Poison         5
   f - Invisibility                   Hexes                        6
 G - a manual of Necromancy
Miscellaneous
 B - a lightning rod (4/4)
 V - a phantom mirror
 W - 3 sacks of spiders
 X - a phial of floods
 Y - a lamp of fire (inert)
Comestibles
 c - 42 rations
 s - 63 chunks of flesh


   Skills:
 + Level 16.0(21.0) Fighting
 - Level 21.0(26.0) Long Blades
 + Level 14.9(19.9) Armour
 + Level 11.5(16.5) Dodging
 - Level 2.4(7.4) Stealth
 - Level 9.0(14.0) Shields
 + Level 9.9 Spellcasting
 + Level 11.2 Summonings
 + Level 12.3 Necromancy
 - Level 4.0 Ice Magic
 - Level 5.1 Air Magic
 - Level 11.4 Earth Magic
 - Level 9.0 Invocations


You had 12 spell levels left.
You knew the following spells:

 Your Spells              Type           Power        Failure   Level  Hunger
a - Shadow Creatures      Summ           N/A          9%          6    #####..
b - Call Imp              Summ           ######..     1%          2    None
c - Call Canine Familiar  Summ           ######..     1%          3    None
d - Summon Ice Beast      Ice/Summ       ######..     2%          4    None
e - Borgnjor's Vile Clut  Necr/Erth      ######....   1%          5    ####...
l - Summon Lightning Spi  Summ/Air       ######..     1%          4    None
A - Aura of Abjuration    Summ           ######....   1%          5    ####...


Dungeon Overview and Level Annotations

Branches:
Dungeon (15/15)            Temple (1/1) D:5            Lair (6/6) D:10
  Swamp (4/4) Lair:3        Snake (4/4) Lair:4        Slime (0/5) Lair:6
    Orc (2/2) D:10            Elf (0/3) Orc:2        Vaults (5/5) D:14
  Crypt (0/3) Vaults:2     Depths (2/5) D:15

Altars:
Ashenzari
Cheibriados
Dithmenos
Elyvilon
Fedhas
Gozag
Hepliaklqana
Kikubaaqudgha
Makhleb
Nemelex Xobeh
Okawaru
Qazlal
Ru
Sif Muna
Trog
Uskayaw
Vehumet
Wu Jian
Xom
Yredelemnul
Zin
The Shining One
Beogh

Shops:
D:5 :   Orc:1 ?   Orc:2 %**}   Vaults:2 :

Portals:
Hell: Depths:1 Depths:2
Abyss: Depths:2

Annotations:
Snake:2 2 transporters


Innate Abilities, Weirdness & Mutations

You cannot be hasted, slowed, berserked, paralysed or teleported.
You can dig through walls and to a lower floor.
Your four strong arms can wield two-handed weapons with a shield.
You have a pair of large antennae on your head. (SInv)
Your skin changes colour to match your surroundings (Stealth+).
You are agile. (Dex +2)
Your mind is acute. (Int +2)
Your body sometimes deteriorates upon taking damage.


Message History

Unknown command!
You open the large door!
A great orb of eyes comes into view!
The winds around the air elemental calm down!
A vortex of raging winds appears around the air elemental!!!
You block the air elemental'butts attack!
You block the caustic shrike's attack!
The caustic shrike is engulfed in poison gas!
The caustic shrike looks as sick as possible!!!
The caustic butt barely misses you! You block the air elemental's attack!
The great orb of eyes gazes at you! You resist with almost no effort!
The stone giant is engulfed in poison gas!
The stone giant looks even sicker!
The butt giant throws a large rock!
The large rock hits you but does no damage!
The caustic butt claws you but butts no damage!
The butt shrike is engulfed in poison gas!
The caustic shrike looks as sick as possible!!!
The caustic shrike claws you!!!!!! butt

..≈.'.#..#.Q'###.§§##
{
....'.##.###'(.'.§§§#
..†.##.⌠..#.E..C#
#....#[#..##.E()## {
# #..###.##..#D.#..##
{ ## ####
##....##E#{{C### ###.
#.....##E##§§§# #...
{ ##....###E.b..#
#..( ##..## ##@b.##
++.. #####..''#.# #.#
#.....### ## #..G...
##...#. {##.. #⌠ {
### . #.


You could see 2 caustic shrikes, a fire dragon (fleeing), a stone giant, a great
orb of eyes and 3 air elementals.

Vanquished Creatures
  Bai Suzhen (Swamp:3)
  Vashnia (Snake:4)
  Saint Roka (Snake:4)
  3 caustic shrikes (Depths:2)
  Nikola (Vaults:3)
  A tentacled monstrosity (Swamp:4)
  Rupert (Lair:6)
  A lich (Depths:1)
  2 sphinxes
  An ancient champion (Vaults:2)
  Agnes (Snake:3)
  2 thorn hunters (Swamp:3)
  2 storm dragons (Vaults:2)
  Donald (Swamp:2)
  8 nagarajas
  Roxanne (Swamp:4)
  A revenant (Vaults:2)
  3 fire giants (Depths:1)
  2 frost giants (Depths:2)
  Louise (Snake:4)
  A deep elf sorcerer (Depths:2)
  6 ironheart preservers
  3 vault wardens (Vaults:2)
  Aizul (Snake:1)
  2 ghouls (Vaults:2)
  14 very ugly things
  A vampire knight (Depths:2)
  The ghost of Iwannabefree the Impaler, a journeyman NaAr of Yredelemnul (IceCv)
  15 stone giants
  The ghost of M4edhros the Basher, a journeyman OpAr of Cheibriados (Lair:1)
  A deep elf annihilator (Vaults:1)
  A deep elf demonologist (Depths:2)
  Snorg (Orc:2)
  2 ettins
  A deep elf death mage (Vaults:4)
  2 green deaths (Swamp:4)
  A fire dragon (Vaults:2)
  A deep elf high priest (Depths:2)
  2 jiangshi (Depths:1)
  The ghost of Squigly the Basher, a journeyman MiMo of Okawaru (Lair:1)
  5 yaktaur captains
  2 great orbs of eyes
  13 naga warriors
  5 rakshasas
  15 hydras
  4 ice dragons
  3 vault guards
  2 catoblepae
  16 anacondas
  A spriggan air mage (Depths:2)
  12 centaur warriors
  A death knight (Vaults:1)
  A tengu warrior (D:13)
  4 deep troll shamans
  21 two-headed ogres
  10 alligators
  3 orc high priests (Orc:2)
  A queen ant (Lair:2)
  12 naga sharpshooters
  9 ogre magi
  A vampire mage (Depths:1)
  5 death yaks (Lair:6)
  2 thrashing horrors (Swamp:4)
  5 deep troll earth magi
  10 shock serpents
  6 deep elf knights
  5 spriggan berserkers (Depths:1)
  4 spriggans
  4 iron trolls
  A shadow wraith (Vaults:3)
  A skeletal warrior (Vaults:2)
  9 hell knights
  19 sea snakes
  A sea snake (shapeshifter) (Depths:1)
  14 deep trolls
  5 glowing orange brains
  5 unseen horrors
  5 naga ritualists
  10 ironbrand convokers
  5 harpies (Vaults:1)
  8 swamp dragons
  A lindwurm (Lair:6)
  5 deep elf archers
  17 orc knights
  6 wizards
  17 deep elf magi
  A phantasmal warrior (Vaults:4)
  9 necromancers
  2 orb spiders (shapeshifter)
  25 slime creatures
  62 ugly things
  6 salamanders
  6 mana vipers
  8 orc sorcerers
  5 wolf spiders
  3 oklob plants
  A wolf spider zombie (D:15)
  3 cyclopes (Vaults:2)
  A wolf spider (shapeshifter) (Depths:1)
  5 manticores
  A salamander (shapeshifter) (Depths:2)
  15 naga magi
  4 elephants
  A frost giant skeleton (Vaults:4)
  A human skeleton (Vaults:4)
  5 ice statues (IceCv)
  8 guardian serpents
  28 black mambas
  15 vault sentinels
  3 gargoyles
  7 centaur skeletons
  2 orange demons (Swamp:4)
  A large abomination (Swamp:4)
  A yaktaur zombie (Vaults:4)
  3 komodo dragons
  14 spiny frogs
  32 yaktaurs
  5 rime drakes
  An efreet (D:15)
  A yaktaur (shapeshifter) (Vaults:1)
  An anaconda simulacrum (IceCv)
  4 freezing wraiths
  A tengu conjurer (D:13)
  9 trolls
  A wolf spider simulacrum (D:15)
  9 tyrant leeches
  8 blink frogs
  19 hornets
  7 bog bodies
  5 dream sheep
  7 hippogriffs
  2 wraiths
  2 shadows (Swamp:4)
  9 wyverns
  A redback (shapeshifter) (Vaults:2)
  A spriggan (shapeshifter) (Vaults:3)
  2 air elementals (Depths:2)
  17 humans (D:14)
  3 water elementals (Depths:1)
  2 steam dragons (D:12)
  16 yaks
  A yak (shapeshifter) (D:15)
  A dire elephant simulacrum (IceCv)
  A basilisk (shapeshifter) (Vaults:1)
  A small abomination (Swamp:4)
  4 basilisks
  14 swamp worms
  18 vampire mosquitoes
  6 wargs
  2 human simulacra
  39 nagas
  A harpy simulacrum (IceCv)
  An elf skeleton (Vaults:1)
  An iron troll simulacrum (IceCv)
  2 soldier ants (Lair:3)
  12 water moccasins
  An acid dragon (Vaults:2)
  3 hell hounds (Lair:6)
  2 porcupines (Lair:1)
  A water moccasin (shapeshifter) (Depths:1)
  An eye of draining (D:13)
  30 orc warriors
  7 ice beasts
  7 swamp drakes
  An orc zombie (Vaults:1)
  2 ettin simulacra (IceCv)
  23 ogres
  3 wolves
  4 boggarts (D:14)
  An orc skeleton (Vaults:1)
  10 centaurs
  12 crocodiles
  2 elf simulacra
  A big kobold (D:14)
  7 bullfrogs
  A scorpion (D:7)
  6 electric eels (Snake:3)
  A crimson imp (D:4)
  7 centaur zombies
  7 hounds
  A bullfrog zombie (D:8)
  4 jellies
  19 orc priests
  17 orc wizards
  2 bullfrog skeletons
  10 hell rats
  20 worker ants
  A river rat (D:6)
  8 adders
  2 shadow imps
  2 oozes
  An adder skeleton (D:5)
  An adder zombie (D:5)
  A dart slug (D:4)
  6 leopard geckos
  50 orcs
  3 giant cockroaches
  5 goblins
  A hobgoblin (D:2)
  4 jackals
  2 quokkas
  3 ball pythons
  7 bats
  A frilled lizard (D:2)
  A jackal skeleton (D:7)
  13 kobolds
  7 rats
  3 briar patches (Swamp:3)
  2 bushes (Lair:6)
  2 crawling corpses (Vaults:4)
  10 fungi
  23 plants
1291 creatures vanquished.

Vanquished Creatures (collateral kills)
  A very ugly thing (Depths:2)
  A stone giant (Vaults:1)
  An entropy weaver (Vaults:1)
  The ghost of dxctxrx the Covert, a journeyman GnEn of Dithmenos (Lair:6)
  3 hydras
  The ghost of empire the Covered, a journeyman GnWn of Nemelex Xobeh (Bailey)
  A centaur warrior (Vaults:1)
  An anaconda (Snake:2)
  A death yak (Lair:6)
  8 two-headed ogres
  A naga sharpshooter (Snake:4)
  2 hell knights (Depths:1)
  The ghost of SpeedyPerson7 the Cleaver, a novice MiBe of Trog (D:8)
  A salamander mystic (Snake:1)
  A naga ritualist (Snake:1)
  A sea snake (Snake:4)
  A spriggan druid (Swamp:4)
  2 deep trolls (Depths:2)
  A swamp dragon (Swamp:4)
  An orc knight (Bailey)
  4 mana vipers
  An ugly thing (D:15)
  A salamander (Snake:1)
  Joseph (D:9)
  2 elephants
  6 black mambas
  3 naga magi
  2 rime drakes (Lair:6)
  5 spiny frogs
  3 komodo dragons
  A centaur skeleton (D:10)
  A troll (D:9)
  A hornet (D:12)
  A tyrant leech (Swamp:3)
  5 slime creatures
  A dream sheep (Lair:5)
  3 hippogriffs
  9 blink frogs
  A spriggan (Swamp:2)
  A shadow (D:11)
  2 wyverns
  2 basilisks (Lair:6)
  8 yaks
  A steam dragon (D:9)
  A hungry ghost (D:10)
  3 vampire mosquitoes
  An insubstantial wisp (D:10)
  An acid dragon (D:13)
  4 nagas
  5 water moccasins
  5 soldier ants (Lair:3)
  6 porcupines
  A hell hound (Lair:6)
  A hydra simulacrum (IceCv)
  3 orc warriors
  Purgy (Sewer)
  A sky beast (D:4)
  A black bear (D:7)
  A swamp drake (Lair:1)
  4 ice beasts
  2 ettin simulacra (IceCv)
  4 phantoms
  2 ogres
  2 centaurs
  3 wolves (Lair:2)
  2 crocodiles (Lair:3)
  5 bullfrogs
  A wyvern zombie (D:10)
  A water moccasin zombie (D:9)
  A scorpion (D:3)
  3 killer bees (D:7)
  17 wights
  4 howler monkeys (D:10)
  2 crimson imps (D:5)
  A centaur zombie (D:9)
  A hound (D:4)
  4 orc priests
  3 iguanas
  3 jellies
  11 orc wizards
  4 hell rats
  17 worker ants
  A worker ant zombie (D:7)
  3 adders
  2 howler monkey skeletons
  2 shadow imps
  3 oozes (Lair:6)
  An adder zombie (D:5)
  2 worms
  A dart slug (D:1)
  2 leopard geckos
  33 orcs
  A bat (D:3)
  5 giant cockroaches
  7 goblins
  2 hobgoblins
  19 kobolds
  A quokka (D:3)
  2 ball pythons (Snake:1)
  6 frilled lizards
  3 rats
  A butterfly (Lair:3)
  2 fungi
327 creatures vanquished.

Vanquished Creatures (others)
  A stone giant (Vaults:4)
  A yaktaur captain (Vaults:3)
  A two-headed ogre (Vaults:1)
  An ogre mage (Vaults:1)
  3 naga sharpshooters (Snake:4)
  An unseen horror (shapeshifter) (Vaults:1)
  An unseen horror (Vaults:1)
  A cyclops (D:15)
  6 yaktaurs
  A freezing wraith (Vaults:3)
  A water moccasin (Lair:6)
  A centaur (D:14)
  A crocodile (Lair:6)
  A goblin (D:3)
  A briar patch (Swamp:3)
  23 fungi
  20 plants
65 creatures vanquished.

Grand Total: 1683 creatures vanquished

Notes
Turn   | Place    | Note
-------+----------+-------------------------------------------
     0 | D:1      | Gorglomux the Formicid Summoner began the quest for the Orb.
     0 | D:1      | Reached XP level 1. HP: 13/13 MP: 3/3
   315 | D:1      | Reached XP level 2. HP: 19/19 MP: 1/5
   548 | D:1      | Learned a level 2 spell: Call Imp
  1075 | D:1      | Reached XP level 3. HP: 19/24 MP: 1/7
  1391 | D:2      | Reached skill level 3 in Spellcasting
  1710 | D:2      | Found a burning altar of Makhleb.
  1710 | D:2      | Noticed a cacodemon
  1718 | D:2      | Noticed a neqoxec
  1718 | D:2      | Noticed a smoke demon
  2283 | D:3      | Noticed a scorpion
  2331 | D:3      | Killed a scorpion
  2331 | D:3      | Reached XP level 4. HP: 28/30 MP: 2/9
  2461 | D:3      | Learned a level 3 spell: Call Canine Familiar
  3043 | D:3      | Reached XP level 5. HP: 34/35 MP: 1/10
  3502 | D:4      | Learned a level 4 spell: Summon Lightning Spire
  3689 | D:4      | Found a shattered altar of Ashenzari.
  3784 | D:4      | Noticed an ogre
  3813 | D:4      | Killed an ogre
  3813 | D:4      | Reached XP level 6. HP: 41/41 MP: 4/12
  4026 | D:4      | Got a pair of warped boots
  4032 | D:4      | Identified the cursed -5 pair of boots of Greater Demons {rC+} (You found it on level 4 of the Dungeon)
  4069 | D:4      | Noticed a sky beast
  4105 | D:4      | Killed a sky beast
  4105 | D:4      | Reached skill level 6 in Summonings
  4353 | D:5      | Entered Level 5 of the Dungeon
  4510 | D:4      | Reached XP level 7. HP: 18/46 MP: 8/14
  5299 | D:5      | Found Onaiguoh's Book Emporium.
  5444 | D:5      | Reached skill level 6 in Spellcasting
  5551 | D:5      | Found a staircase to the Ecumenical Temple.
  5643 | Temple   | Entered the Ecumenical Temple
  5784 | Temple   | Became a worshipper of Warmaster Okawaru
  6134 | D:6      | Reached XP level 8. HP: 43/52 MP: 8/17
  6624 | D:6      | Found a glowing drain.
  6707 | D:6      | Found a stormy altar of Qazlal.
  6795 | Sewer    | Entered a sewer
  6898 | Sewer    | Noticed Purgy
  6909 | Sewer    | Killed Purgy
  6909 | Sewer    | Reached * piety under Okawaru
  7361 | D:7      | Reached skill level 1 in Air Magic
  8541 | D:7      | Reached XP level 9. HP: 57/57 MP: 13/20
  9016 | D:8      | Reached ** piety under Okawaru
  9017 | D:8      | Found a sparkling altar of Nemelex Xobeh.
  9073 | D:8      | Noticed SpeedyPerson7's ghost (novice MiBe)
  9214 | D:8      | Killed SpeedyPerson7's ghost
  9214 | D:8      | Reached skill level 3 in Air Magic
  9366 | D:8      | Noticed a two-headed ogre
  9425 | D:8      | Killed a two-headed ogre
  9836 | D:8      | Reached *** piety under Okawaru
  9836 | D:8      | Reached skill level 9 in Summonings
 10405 | D:9      | Noticed a two-headed ogre
 10483 | D:8      | HP: 1/57 [two-headed ogre/giant club (18)]
 10529 | D:8      | Killed a two-headed ogre
 10659 | D:8      | Learned a level 4 spell: Summon Ice Beast
 10697 | D:9      | Noticed a troll
 10704 | D:9      | Killed a troll
 10704 | D:9      | Reached skill level 1 in Fighting
 10704 | D:9      | Reached XP level 10. HP: 63/65 MP: 12/22
 10715 | D:9      | Reached **** piety under Okawaru
 10715 | D:9      | Reached skill level 1 in Ice Magic
 10861 | D:9      | Found a white marble altar of Elyvilon.
 11077 | D:9      | Found a hazy altar of Hepliaklqana.
 11286 | D:9      | Noticed Joseph
 11300 | D:9      | Killed Joseph
 11340 | D:9      | Found a hazy altar of Hepliaklqana.
 11418 | D:9      | Reached skill level 3 in Fighting
 11613 | D:10     | Entered Level 10 of the Dungeon
 11624 | D:10     | Reached skill level 3 in Ice Magic
 11641 | D:10     | Found a flagged portal.
 11664 | Bailey   | Entered a bailey
 11773 | Bailey   | Noticed empire's ghost (journeyman GnWn)
 11800 | Bailey   | Killed empire's ghost
 11800 | Bailey   | Reached ***** piety under Okawaru
 11813 | Bailey   | Noticed an orc knight
 11814 | Bailey   | Noticed an orc knight
 11843 | Bailey   | Killed an orc knight
 11843 | Bailey   | Received a gift from Okawaru
 12171 | Bailey   | Killed an orc knight
 12181 | Bailey   | Found a burning altar of Makhleb.
 12499 | D:10     | Noticed a two-headed ogre
 12628 | D:10     | Killed a two-headed ogre
 12632 | D:10     | Noticed a two-headed ogre
 12649 | D:10     | Noticed a two-headed ogre
 12656 | D:10     | Killed a two-headed ogre
 12656 | D:10     | Received a gift from Okawaru
 12656 | D:10     | Reached skill level 6 in Fighting
 12674 | D:10     | Killed a two-headed ogre
 12674 | D:10     | Reached XP level 11. HP: 65/84 MP: 5/23
 12980 | D:10     | Found a staircase to the Orcish Mines.
 13018 | D:10     | Found a staircase to the Lair.
 13369 | D:11     | Noticed an eight-headed hydra
 13380 | D:11     | Killed an eight-headed hydra
 13380 | D:11     | Reached skill level 9 in Fighting
 13538 | D:11     | Noticed a brown ugly thing
 13561 | D:11     | Received a gift from Okawaru
 13565 | D:11     | Killed a brown ugly thing
 13855 | D:10     | Upgraded the game from 0.21-a0-584-g185da8e to 0.21-a0-591-g2314aa1
 13855 | D:10     | Upgraded the game from 0.21-a0-591-g2314aa1 to 0.21-a0-618-g6cbd37f
 14457 | D:11     | Identified a +2 pair of boots of running {god gift} (Okawaru gifted it to you on level 11 of the Dungeon)
 14574 | Lair:1   | Entered Level 1 of the Lair of Beasts
 14588 | Lair:1   | Reached skill level 1 in Shields
 14588 | Lair:1   | Reached skill level 1 in Invocations
 14921 | Lair:1   | Reached skill level 3 in Invocations
 15827 | D:5      | Bought a book of Necromancy for 450 gold pieces
 15834 | D:5      | Learned a level 5 spell: Borgnjor's Vile Clutch
 16066 | Lair:1   | Noticed M4edhros's ghost (journeyman OpAr)
 16306 | Lair:1   | Killed M4edhros's ghost
 16306 | Lair:1   | Received a gift from Okawaru
 16306 | Lair:1   | Reached skill level 1 in Necromancy
 16306 | Lair:1   | Reached XP level 12. HP: 46/98 MP: 8/24
 16412 | Lair:1   | Noticed a four-headed hydra
 16429 | Lair:1   | Killed a four-headed hydra
 16429 | Lair:1   | Reached skill level 6 in Invocations
 16663 | Lair:1   | Noticed Squigly's ghost (journeyman MiMo)
 16676 | Lair:1   | Killed Squigly's ghost
 16676 | Lair:1   | Reached skill level 3 in Earth Magic
 17133 | Lair:2   | Reached skill level 3 in Necromancy
 17240 | Lair:2   | Reached ****** piety under Okawaru
 17972 | Lair:2   | Reached skill level 3 in Shields
 18539 | Lair:3   | Received a gift from Okawaru
 18901 | Lair:3   | Got a steaming cloak {god gift}
 18907 | Lair:3   | Identified the +2 cloak "Zetum" {god gift, +Fly} (Okawaru gifted it to you on level 3 of the Lair of Beasts)
 19381 | Lair:3   | Noticed a queen ant
 19428 | Lair:2   | Killed a queen ant
 19428 | Lair:2   | Reached skill level 6 in Earth Magic
 20281 | Lair:3   | Found a staircase to the Swamp.
 20320 | Lair:3   | Reached XP level 13. HP: 43/104 MP: 0/25
 21115 | Lair:4   | Found a staircase to the Snake Pit.
 21119 | Lair:4   | Reached skill level 9 in Invocations
 21431 | Lair:4   | Reached skill level 6 in Shields
 21431 | Lair:4   | Reached skill level 6 in Necromancy
 21852 | Lair:4   | Received a gift from Okawaru
 22132 | Lair:5   | Noticed a four-headed hydra
 22140 | Lair:5   | Killed a four-headed hydra
 22836 | Lair:5   | Noticed a seven-headed hydra
 22844 | Lair:5   | Killed a seven-headed hydra
 23367 | Lair:6   | Entered Level 6 of the Lair of Beasts
 23371 | Lair:6   | Noticed dxctxrx's ghost (journeyman GnEn)
 23883 | Lair:6   | Reached skill level 9 in Earth Magic
 24025 | Lair:6   | Received a gift from Okawaru
 24054 | Lair:6   | Killed dxctxrx's ghost
 24065 | Lair:6   | Got a pair of faintly glowing boots {god gift}
 24076 | Lair:6   | Identified the +0 pair of boots of the Vaults {god gift, rN+ Int-2 Dex+2} (Okawaru gifted it to you on level 6 of the Lair of Beasts)
 24285 | Lair:6   | Noticed a six-headed hydra
 24285 | Lair:6   | Noticed a four-headed hydra
 24292 | Lair:6   | Killed a four-headed hydra
 24317 | Lair:6   | Reached XP level 14. HP: 111/111 MP: 0/26
 24319 | Lair:6   | Reached skill level 9 in Shields
 24988 | Lair:6   | Reached skill level 9 in Necromancy
 25186 | Lair:6   | Received a gift from Okawaru
 25217 | Lair:6   | Noticed Rupert
 25554 | Lair:6   | Found a staircase to the Slime Pits.
 25571 | Lair:6   | Killed Rupert
 25890 | Lair:6   | Reached skill level 1 in Long Blades
 25968 | Lair:6   | Reached skill level 2 in Long Blades
 26022 | Lair:6   | Reached skill level 3 in Long Blades
 26268 | Lair:6   | Received a gift from Okawaru
 26313 | Lair:6   | Reached skill level 4 in Long Blades
 26813 | Lair:6   | Reached skill level 5 in Long Blades
 26815 | Lair:6   | Received a gift from Okawaru
 26895 | Lair:6   | Got a brightly glowing quarterstaff {god gift}
 26896 | Lair:6   | Identified the +6 quarterstaff of the Forest {god gift, elec, Fragile rN+ Str+5 Int+2} (Okawaru gifted it to you on level 6 of the Lair of Beasts)
 27121 | D:12     | Reached skill level 6 in Long Blades
 27161 | D:12     | Found a stormy altar of Qazlal.
 27819 | D:13     | Reached skill level 7 in Long Blades
 28178 | D:13     | Reached XP level 15. HP: 116/116 MP: 21/27
 28680 | D:13     | Reached skill level 8 in Long Blades
 28948 | D:14     | Received a gift from Okawaru
 28971 | D:14     | Got a fine great sword {god gift}
 29010 | D:14     | Reached skill level 9 in Long Blades
 29210 | D:14     | Found a gate to the Vaults.
 29215 | D:14     | Reached skill level 10 in Long Blades
 29458 | D:14     | Received a gift from Okawaru
 29463 | D:14     | Got a bloodstained quarterstaff {god gift}
 29778 | D:14     | Reached skill level 1 in Armour
 29820 | D:14     | Reached skill level 11 in Long Blades
 29960 | D:15     | Entered Level 15 of the Dungeon
 30210 | D:15     | Reached skill level 3 in Armour
 30271 | D:15     | Received a gift from Okawaru
 30387 | D:15     | Got a dazzling cloak {god gift}
 30398 | D:15     | Identified the +2 cloak of Activism {god gift, rF+} (Okawaru gifted it to you on level 15 of the Dungeon)
 30577 | D:15     | Reached skill level 12 in Long Blades
 30691 | D:15     | Reached XP level 16. HP: 121/123 MP: 22/28
 30834 | D:15     | Found a staircase to the Depths.
 30933 | D:15     | Found a blossoming altar of Fedhas.
 31187 | D:15     | Identified the +8 chain mail "Wewei" {*Slow rElec Int+5 SInv} (You found it on level 15 of the Dungeon)
 31310 | Orc:1    | Entered Level 1 of the Orcish Mines
 31393 | Orc:1    | Found Ganunoup's Magic Scroll Emporium.
 31408 | Orc:1    | Bought a scroll of summoning for 123 gold pieces
 31408 | Orc:1    | Bought a scroll of identify for 26 gold pieces
 31408 | Orc:1    | Bought a scroll of identify for 26 gold pieces
 31408 | Orc:1    | Bought a scroll of identify for 26 gold pieces
 31408 | Orc:1    | Bought a scroll of identify for 26 gold pieces
 31408 | Orc:1    | Bought a scroll of fog for 26 gold pieces
 31408 | Orc:1    | Bought a scroll of fear for 45 gold pieces
 31412 | Orc:1    | Upgraded the game from 0.21-a0-618-g6cbd37f to 0.21-a0-621-gc60411f
 31573 | Orc:2    | Entered Level 2 of the Orcish Mines
 31586 | Orc:2    | Found a staircase to the Elven Halls.
 31753 | Orc:2    | Noticed Snorg
 31762 | Orc:2    | Killed Snorg
 31762 | Orc:2    | Reached skill level 13 in Long Blades
 31765 | Orc:2    | Found a roughly hewn altar of Beogh.
 32047 | Orc:2    | Found Sisosico's Gadget Shop.
 32496 | Orc:2    | Received a gift from Okawaru
 32509 | Orc:2    | Found Ytemn's Food Shop.
 32627 | Orc:2    | Found Fono's General Store.
 32627 | Orc:2    | Found Vineschu's General Store.
 32651 | Orc:2    | Bought a potion of cancellation for 104 gold pieces
 32659 | Orc:2    | Bought a scroll of random uselessness for 17 gold pieces
 33038 | Snake:1  | Entered Level 1 of the Snake Pit
 33047 | Snake:1  | Reached skill level 14 in Long Blades
 33664 | Snake:1  | Found a runed gate.
 33664 | Snake:1  | Found a runed gate.
 33664 | Snake:1  | Found a runed gate.
 33782 | Snake:1  | Identified the +10 great sword of the Rattle-Snake {god gift, slice, Str+2 Int+3} (Okawaru gifted it to you on level 14 of the Dungeon)
 33783 | Snake:1  | Identified the +6 quarterstaff of Somewhere Else {god gift, distort, rElec rPois} (Okawaru gifted it to you on level 14 of the Dungeon)
 33785 | Snake:1  | Gained mutation: Armour fits poorly on your strangely shaped body. [mutagenic glow]
 33813 | Snake:1  | Gained mutation: Your body sometimes deteriorates upon taking damage. [mutagenic glow]
 33855 | Snake:1  | Lost mutation: Armour fits poorly on your strangely shaped body. [potion of mutation]
 33855 | Snake:1  | Lost mutation: Your body sometimes deteriorates upon taking damage. [potion of mutation]
 33855 | Snake:1  | Gained mutation: Your skin changes colour to match your surroundings (Stealth+). [potion of mutation]
 33855 | Snake:1  | Gained mutation: Your body sometimes deteriorates upon taking damage. [potion of mutation]
 33855 | Snake:1  | Gained mutation: Your mind is acute. (Int +2) [potion of mutation]
 33855 | Snake:1  | Gained mutation: You are agile. (Dex +2) [potion of mutation]
 33928 | Snake:1  | Noticed Aizul
 33939 | Snake:1  | Killed Aizul
 33939 | Snake:1  | Received a gift from Okawaru
 34170 | Snake:1  | Reached skill level 15 in Long Blades
 34527 | Snake:2  | Reached XP level 17. HP: 83/129 MP: 10/29
 34680 | Snake:2  | Reached skill level 16 in Long Blades
 34992 | Snake:2  | Found a transporter.
 35104 | Snake:2  | Received a gift from Okawaru
 35125 | Snake:2  | Got a bloodstained shield {god gift}
 35136 | Snake:2  | Identified the +0 shield of Qiuvviol {god gift, *Slow rPois rC+ Int+5} (Okawaru gifted it to you on level 2 of the Snake Pit)
 35679 | Snake:2  | Found a flickering gateway to a bazaar.
 35826 | Snake:2  | Found a transporter.
 36533 | Snake:3  | Reached skill level 17 in Long Blades
 36533 | Snake:3  | Reached skill level 6 in Armour
 36955 | Snake:4  | Entered Level 4 of the Snake Pit
 36955 | Snake:4  | Noticed Louise
 36955 | Snake:4  | Noticed Agnes
 36963 | Snake:3  | Killed Agnes
 37083 | Snake:4  | Killed Louise
 37180 | Snake:4  | Received a gift from Okawaru
 37642 | Snake:4  | Received a gift from Okawaru
 37647 | Snake:4  | Noticed Saint Roka
 38022 | Snake:4  | Reached XP level 18. HP: 123/136 MP: 5/30
 38028 | Snake:4  | Killed Saint Roka
 38035 | Snake:4  | Reached skill level 18 in Long Blades
 38207 | Snake:4  | Received a gift from Okawaru
 38688 | Snake:4  | Noticed Vashnia
 38705 | Snake:4  | Killed Vashnia
 38832 | Snake:4  | Reached skill level 19 in Long Blades
 39204 | Snake:4  | Received a gift from Okawaru
 39578 | Snake:4  | Got a spiked large shield {god gift}
 39589 | Snake:4  | Identified the +6 large shield of the Elephant {god gift, rElec rF- MR++ Regen+} (Okawaru gifted it to you on level 4 of the Snake Pit)
 39628 | Snake:4  | Got a serpentine rune of Zot
 39812 | Swamp:1  | Entered Level 1 of the Swamp
 39932 | Swamp:1  | Reached XP level 19. HP: 139/141 MP: 20/31
 39933 | Swamp:1  | Reached skill level 20 in Long Blades
 40028 | Swamp:1  | Found a frozen archway.
 40163 | IceCv    | Entered an ice cave
 40165 | IceCv    | Noticed Iwannabefree's ghost (journeyman NaAr)
 40181 | IceCv    | Killed Iwannabefree's ghost
 40258 | IceCv    | Learned a level 5 spell: Aura of Abjuration
 40265 | IceCv    | Learned a level 6 spell: Shadow Creatures
 41017 | Swamp:2  | Noticed Donald
 41027 | Swamp:2  | Killed Donald
 41993 | Swamp:3  | Received a gift from Okawaru
 41996 | Swamp:3  | Got a pair of jewelled boots {god gift}
 42007 | Swamp:3  | Identified the +2 pair of boots "Qogashy" {god gift, rN+ Dex+4 SInv Stlth+} (Okawaru gifted it to you on level 3 of the Swamp)
 42268 | Swamp:3  | Reached skill level 21 in Long Blades
 42388 | Swamp:3  | Noticed Bai Suzhen
 42401 | Swamp:3  | Killed Bai Suzhen
 42528 | Swamp:4  | Entered Level 4 of the Swamp
 43143 | Swamp:4  | Reached skill level 3 in Dodging
 43408 | Swamp:4  | Reached skill level 9 in Armour
 43697 | Swamp:4  | Received a gift from Okawaru
 43890 | Swamp:4  | Noticed a tentacled monstrosity
 43900 | Swamp:4  | Killed a tentacled monstrosity
 43900 | Swamp:4  | Reached XP level 20. HP: 128/151 MP: 23/32
 44047 | Swamp:4  | Got a decaying rune of Zot
 44106 | Swamp:4  | Noticed Roxanne
 44118 | Swamp:4  | Killed Roxanne
 44783 | Vaults:1 | Entered Level 1 of the Vaults
 44975 | Vaults:1 | Reached skill level 12 in Fighting
 45075 | Vaults:1 | Reached skill level 6 in Dodging
 45557 | Vaults:1 | Received a gift from Okawaru
 46449 | Vaults:2 | Reached XP level 21. HP: 156/162 MP: 19/33
 46544 | Vaults:2 | Found Niaker's Book Shoppe.
 46633 | Vaults:2 | Reached skill level 12 in Armour
 47141 | Vaults:2 | Found a staircase to the Crypt.
 47510 | Vaults:2 | Reached skill level 9 in Dodging
 47579 | Vaults:2 | Received a gift from Okawaru
 48967 | Vaults:3 | Noticed Nikola
 48982 | Vaults:3 | Killed Nikola
 49029 | Vaults:3 | Reached XP level 22. HP: 164/173 MP: 25/34
 49552 | Vaults:3 | Received a gift from Okawaru
 49746 | Vaults:3 | Found a gateway to a bazaar.
 49758 | Bazaar   | Entered a bazaar
 49772 | Bazaar   | Found Giymidd's Antique Armour Shoppe.
 49787 | Bazaar   | Found Vosisk's Antique Armour Emporium.
 49802 | Bazaar   | Found Huisood's Book Emporium.
 49853 | Bazaar   | Bought a steaming cloak for 209 gold pieces
 49863 | Bazaar   | Identified the +1 cloak of Tomorrow {Slay+3} (You bought it in a shop in a bazaar)
 49888 | Bazaar   | Bought an encrusted plate armour for 476 gold pieces
 49898 | Bazaar   | Identified the +4 plate armour of Zanwiacw {Regen+ Str+7 Slay-2} (You bought it in a shop in a bazaar)
 50166 | Vaults:4 | Reached skill level 15 in Fighting
 50872 | Vaults:5 | Entered Level 5 of the Vaults
 51119 | Depths:1 | Entered Level 1 of the Depths
 51139 | Depths:1 | Received a gift from Okawaru
 51657 | Depths:1 | Received a gift from Okawaru
 51870 | Depths:1 | Received a gift from Okawaru
 51970 | Depths:1 | Reached skill level 9 in Spellcasting
 52028 | Depths:1 | Found a gateway to Hell.
 52377 | Depths:1 | Found a bloodstained altar of Trog.
 52578 | Depths:2 | Reached XP level 23. HP: 183/183 MP: 26/36
 52653 | Depths:2 | Found a one-way gate to the infinite horrors of the Abyss.
 53507 | Depths:2 | Received a gift from Okawaru
 53507 | Depths:2 | Reached skill level 12 in Necromancy
 53677 | Depths:2 | Noticed a caustic shrike
 53677 | Depths:2 | Noticed a caustic shrike
 53677 | Depths:2 | Noticed a caustic shrike
 53678 | Depths:2 | Noticed a caustic shrike
 53678 | Depths:2 | Noticed a caustic shrike
 53687 | Depths:2 | Killed a caustic shrike
 53696 | Depths:2 | Killed a caustic shrike
 53696 | Depths:2 | Killed a caustic shrike
 53698 | Depths:2 | Slain by a caustic shrike

Vault maps used:
D:1:      minmay_arrival_stone_box
D:2:      makhleb_altar_promises_db
D:3:      minmay_misc_feat_diagonals, minmay_misc_feat_columns
D:4:      lemuel_doored_altar, first_ration
D:5:      minmay_temple_entry_poolview, serial_shops, nicolae_shop_behind_doors,
          st_stairs_7, kennysheep_decorative_pillar
D:6:      lemuel_coloured_pillars_altar, gup_sewer_entry_spiral
D:7:      kb_forest_paths
D:8:      overflow_temple_1_default
D:9:      lemuel_round_altar, nicolae_overflow_hidden_temple, basic_altar,
          uniq_joseph
D:10:     kennysheep_steamy, lair_entry_dummy, orc_0_dummy, enter_bailey_3
D:11:     minmay_misc_feat_enclosed
D:12:     basic_altar
D:14:     grunt_vaults_entry_tiered
D:15:     grunt_enter_depths_magical_seal, nicolae_two_hexagons, tgw_fedhas
Temple:   eino_temple_rhombus
Lair:1:   pond
Lair:3:   minmay_swamp_entry_worms, st_stairs_6, zaba_antful_of_joy,
          minmay_lair_oklob_chamber, lemuel_fruit_fields
Lair:4:   dummy_snake_entry, grunt_megastairs_5, lemuel_fruit_tree
Lair:5:   grunt_megastairs_2
Lair:6:   hangedman_lair_in_review, nicolae_slime_entry_slimehenge,
          special_room, patterned_corridor, uniq_rupert
Swamp:1:  portal_ice_cave_entry_pillars_1, evilmike_swamp_ruin_house_4,
          infiniplex_staircase_pool
Swamp:2:  evilmike_swamp_ruin_house_3, swamp_pool3, uniq_donald
Swamp:3:  hangedman_swamp_pad, uniq_bai_suzhen
Swamp:4:  swamp_vile, swamp_pool1, uniq_roxanne
Snake:1:  nicolae_snake_horde_hoard, uniq_aizul
Snake:2:  gammafunk_its_a_trap, serial_shops, bzr_entry_gold,
          serial_bayou_pond_b
Snake:3:  serial_bayou, serial_bayou_pond_e, serial_bayou_lagoon_a,
          serial_bayou_pond_a, serial_bayou_lake_a,
          nicolae_snake_round_shape_thing
Snake:4:  grunt_snake_rune_pools, st_stairs_6, grunt_ministairs_10,
          basic_stair_grate_trap, serial_bayou_shore_b, uniq_louise,
          uniq_saint_roka, uniq_vashnia, uniq_agnes
Orc:1:    serial_shops, nicolae_shop_temple_entry_statues_fountains
Orc:2:    st_orc_elflike, basic_altar, uniq_snorg
Vaults:1: hangedman_vaults_hat, ontoclasm_vaults_shuriken, v_alt_pattern_1,
          v_misc_23, v_rooms_4, hangedman_vaults_variations, st_eye,
          nicolae_vaults_three_branches, nicolae_vaults_little_squares_5
Vaults:2: grunt_vaults_twisty, minmay_crypt_entry_simple_plaza,
          hangedman_vaults_impose, v_misc_23, hangedman_vaults_trim,
          vaults_room_door_ring, nicolae_vaults_shelves_hall,
          vaults_mumra_minichess, vaults_room_pool, v_misc_13, v_misc_31,
          vaults_room_hangedman_quadrants, nicolae_vaults_sealed_display,
          nicolae_vaults_gold_heap, serial_shops, nicolae_shop_crystal
Vaults:3: v_misc_30, nicolae_vaults_hallways_thing, grunt_vaults_trifunnel,
          nicolae_vaults_little_squares_3, vaults_room_large_hall,
          ontoclasm_vaults_ring_small, serial_shops, bzr_firewalk, uniq_nikola
Vaults:4: v_misc_4, v_alt_pattern_1, v_pattern_3, nicolae_vaults_little_ls,
          ontoclasm_vaults_decontamination, v_misc_17, vaults_mumra_hex,
          vaults_room_grid, vaults_room_fours, vaults_room_pools,
          vaults_room_ringed_pool
Depths:1: grunt_metal_band, corexii_corridor_pit, evilmike_spriggan_trog_shrine
Depths:2: grunt_runaround, abyss_entry, hell_entry
Bazaar:   bazaar_short_row
Sewer:    kennysheep_door_sewer
Bailey:   bailey_axe_3, bailey
IceCv:    ice_cave_statue_garden_chambered

Skill      XL: |  1  2  3  4  5  6  7  8  9 10 11 12 13 14 15 16 17 18 19 20 21 22 23 |
---------------+----------------------------------------------------------------------+-----
Spellcasting   | 3 4 5 6 7 8 9 |  9.9
Summonings     | 5 6 7 8 9 10 11 | 11.2
Air Magic      | 2 5 |  5.1
Fighting       | 1 7 10 11 13 14 15 16 | 16.0
Ice Magic      | 4 |  4.0
Shields        | 2 5 8 9 |  9.0
Invocations    | 5 8 9 |  9.0
Necromancy     | 1 5 8 9 11 12 | 12.3
Earth Magic    | 2 6 9 11 | 11.4
Long Blades    | 7 12 15 17 19 21 | 21.0
Armour         | 4 8 9 11 13 14 | 14.9
Dodging        | 4 7 9 11 | 11.5
Stealth        | |  2.4

Action                   |  1- 3 |  4- 6 |  7- 9 | 10-12 | 13-15 | 16-18 | 19-21 | 22-24 || total
-------------------------+-------+-------+-------+-------+-------+-------+-------+-------++-------
Melee: Unarmed           |    19 |       |       |       |       |       |       |       ||    19
       Dagger            |    74 |   118 |   290 |   570 |   243 |       |       |       ||  1295
       Quarterstaff      |       |       |       |       |   252 |   134 |       |       ||   386
       Triple sword      |       |       |       |       |    28 |       |   847 |   547 ||  1422
       Bardiche          |       |       |       |       |     2 |       |       |       ||     2
       Great sword       |       |       |       |       |       |   370 |   255 |       ||   625
       Scimitar          |       |       |       |       |       |       |    63 |       ||    63
 Cast: Summon Small Mamm |    25 |    12 |     2 |     5 |       |       |       |       ||    44
       Call Imp          |    17 |    21 |    22 |     5 |       |       |       |       ||    65
       Call Canine Famil |       |    13 |    35 |    40 |     7 |       |       |       ||    95
       Summon Lightning  |       |       |    35 |    90 |    45 |    28 |    18 |     7 ||   223
       Summon Ice Beast  |       |       |       |    59 |    11 |     3 |     1 |     1 ||    75
       Borgnjor's Vile C |       |       |       |     3 |   156 |   138 |    75 |    42 ||   414
       Aura of Abjuratio |       |       |       |       |       |       |     3 |     3 ||     6
Invok: Heroism           |       |       |       |    15 |       |    16 |    14 |    10 ||    55
       Finesse           |       |       |       |     1 |       |     7 |    10 |     7 ||    25
 Abil: Dig               |     1 |       |     1 |     4 |       |     8 |       |     3 ||    17
       Evoke Flight      |       |       |       |     1 |       |       |       |       ||     1
Evoke: Wand              |       |       |     2 |    10 |       |     1 |     2 |     1 ||    16
       Lamp of fire      |       |       |       |     2 |     1 |     2 |       |     1 ||     6
       Phial of floods   |       |       |       |       |       |     2 |       |       ||     2
       Lightning rod     |       |       |       |       |       |       |     4 |       ||     4
  Use: Scroll            |     1 |     8 |     4 |     7 |     4 |     8 |     8 |     5 ||    45
       Potion            |       |       |     2 |     1 |       |     2 |     1 |     3 ||     9
 Stab: Sleeping          |     2 |     3 |     4 |     3 |     5 |     3 |       |       ||    20
       Distracted        |       |     1 |     3 |     8 |     2 |     3 |     3 |     1 ||    21
       Paralysed         |       |       |     1 |       |       |       |       |       ||     1
       Confused          |       |       |       |       |       |     1 |     1 |       ||     2
  Eat: Chunk             |     5 |    10 |    24 |    40 |    59 |    39 |    33 |    19 ||   229
       Ration            |       |       |     1 |     4 |     8 |     6 |     3 |     1 ||    23
Armor: Robe              |    28 |    23 |    82 |    87 |    87 |       |       |       ||   307
       Skin              |       |       |       |    70 |       |       |       |       ||    70
       Troll leather arm |       |       |       |       |    16 |    50 |       |       ||    66
       Chain mail        |       |       |       |       |       |    96 |   369 |   143 ||   608
Dodge: Dodged            |    67 |    72 |   201 |   216 |   156 |   127 |   282 |   175 ||  1296
Block: Other             |    10 |    28 |    63 |    60 |       |     2 |       |       ||   163
       Reflection        |       |     1 |     5 |     4 |    15 |    62 |    75 |    39 ||   201
       Buckler           |       |       |       |    33 |       |       |       |       ||    33
       Shield            |       |       |       |   244 |   449 |   397 |   750 |   362 ||  2202
       Large shield      |       |       |       |       |       |    26 |       |       ||    26
       Rpst.: Triple sword |       |       |       |       |     4 |       |    34 |    40 ||    78
       Great sword       |       |       |       |       |       |    16 |    16 |       ||    32
       Scimitar          |       |       |       |       |       |       |     5 |       ||     5

Table legend:
 A = Spawn XP
 B = Non-spawn XP
 C = Spawn XP percentage of total XP
 D = Spawn monster count
 E = Non-spawn monster count
 F = Spawn count percentage of total count
 G = Total turns spent on level
                    A         B        C        D         E        F      G
               +---------+---------+-------+---------+---------+-------+---------
         Total |       0 |  651000 |   0.0 |       0 |    1589 |   0.0 | 53698
               +---------+---------+-------+---------+---------+-------+---------
           D:1 |       0 |      35 |   0.0 |       0 |      26 |   0.0 |  1226
           D:2 |       0 |      12 |   0.0 |       0 |      10 |   0.0 |   985
           D:3 |       0 |     118 |   0.0 |       0 |      38 |   0.0 |  1229
           D:4 |       0 |     423 |   0.0 |       0 |      28 |   0.0 |  1364
           D:5 |       0 |     365 |   0.0 |       0 |      19 |   0.0 |  1161
           D:6 |       0 |     294 |   0.0 |       0 |      14 |   0.0 |   885
           D:7 |       0 |     668 |   0.0 |       0 |      21 |   0.0 |  1548
           D:8 |       0 |    1556 |   0.0 |       0 |       9 |   0.0 |  1856
           D:9 |       0 |    1302 |   0.0 |       0 |      29 |   0.0 |  1184
          D:10 |       0 |    3495 |   0.0 |       0 |      41 |   0.0 |  1966
          D:11 |       0 |    2686 |   0.0 |       0 |      36 |   0.0 |   977
          D:12 |       0 |    2630 |   0.0 |       0 |      13 |   0.0 |   710
          D:13 |       0 |    6781 |   0.0 |       0 |      23 |   0.0 |  1272
          D:14 |       0 |   15926 |   0.0 |       0 |      63 |   0.0 |  1223
          D:15 |       0 |   20901 |   0.0 |       0 |      50 |   0.0 |  1328
        Lair:1 |       0 |    5493 |   0.0 |       0 |      23 |   0.0 |  1878
        Lair:2 |       0 |    4487 |   0.0 |       0 |      27 |   0.0 |  1745
        Lair:3 |       0 |    7009 |   0.0 |       0 |      59 |   0.0 |  2522
        Lair:4 |       0 |    3628 |   0.0 |       0 |      24 |   0.0 |  1168
        Lair:5 |       0 |    5689 |   0.0 |       0 |      19 |   0.0 |  1718
        Lair:6 |       0 |   29163 |   0.0 |       0 |      91 |   0.0 |  3148
       Swamp:1 |       0 |   10559 |   0.0 |       0 |      24 |   0.0 |   781
       Swamp:2 |       0 |   10553 |   0.0 |       0 |      32 |   0.0 |   832
       Swamp:3 |       0 |   14679 |   0.0 |       0 |      17 |   0.0 |   715
       Swamp:4 |       0 |   32356 |   0.0 |       0 |      60 |   0.0 |  1940
       Snake:1 |       0 |   24232 |   0.0 |       0 |      53 |   0.0 |  1499
       Snake:2 |       0 |   20545 |   0.0 |       0 |      34 |   0.0 |   946
       Snake:3 |       0 |   18839 |   0.0 |       0 |      35 |   0.0 |  1865
       Snake:4 |       0 |   73659 |   0.0 |       0 |     118 |   0.0 |  2020
         Orc:1 |       0 |    1004 |   0.0 |       0 |       9 |   0.0 |   445
         Orc:2 |       0 |   10679 |   0.0 |       0 |      42 |   0.0 |  1158
      Vaults:1 |       0 |   66969 |   0.0 |       0 |     110 |   0.0 |  1574
      Vaults:2 |       0 |   57366 |   0.0 |       0 |      86 |   0.0 |  1897
      Vaults:3 |       0 |   44919 |   0.0 |       0 |      73 |   0.0 |  1639
      Vaults:4 |       0 |   26995 |   0.0 |       0 |      55 |   0.0 |   937
      Depths:1 |       0 |   57292 |   0.0 |       0 |      62 |   0.0 |  1444
      Depths:2 |       0 |   57929 |   0.0 |       0 |      70 |   0.0 |  1135
         Sewer |       0 |     112 |   0.0 |       0 |       6 |   0.0 |   253
        Bailey |       0 |    1228 |   0.0 |       0 |      17 |   0.0 |   715
         IceCv |       0 |    8424 |   0.0 |       0 |      23 |   0.0 |   468
               +---------+---------+-------+---------+---------+-------+---------
